[Event "9th Beirut Open 2017"]
[Site "Beirut"]
[Date "2017.10.02"]
[Round "4"]
[White "Farhat, Jawad"]
[Black "Wafa, Shahenda"]
[Result "0-1"]
[ECO "A00"]
[WhiteElo "1592"]
[BlackElo "2150"]
[Annotator "RC"]
[PlyCount "138"]
[EventDate "2017.??.??"]
[EventCountry "LBN"]
[SourceTitle "playchess.com"]
[Source "ChessBase"]
[SourceQuality "1"]
[TimeControl "5400+30"]

1. d4 Nf6 2. Nf3 g6 3. Bf4 Bg7 4. e3 O-O 5. Bd3 d6 6. h3 c6 7. O-O Nbd7 8. c3 Qc7 9. Qc2 e5 10. Bh2 Re8 11. Nbd2 c5 12. dxe5 dxe5 13. e4 Nh5 14. Rad1 Nf8 15. Bc4 Ne6 16. Nb3 Nhf4 17. Rd2 a6 18. Rfd1 Rb8 19. Bxe6 Nxe6 20. Rd5 c4 21. Nc1 Nf4 22. Bxf4 exf4 23. Ne2 Be6 24. R5d2 b5 25. Nfd4 Bc8 26. f3 a5 27. Rb1 b4 28. Qd1 Be5 29. Kf1 Qb6 30. Rc1 Ba6 31. Ke1 Rbd8 32. Kf1 Rd6 33. Rb1 Red8 34. Rc1 Qc5 35. Ke1 Bc8 36. Qc2 bxc3 37. bxc3 f5 38. Rb1 fxe4 39. Rb5 Qxb5 40. Nxb5 Rxd2 41. Qxe4 R2d5 42. Qxc4 Be6 43. Kf2 Bf7 44. Qc6 Rd2 45. a4 Ra2 46. Nbd4 Bxd4+ 47. cxd4 Rb8 48. d5 Rbb2 49. Qc8+ Kg7 50. Qc3+ Kh6 51. Qd4 Rxe2+ 52. Kg1 Rxg2+ 53. Kf1 Rgb2 54. Qxf4+ Kg7 55. Qd4+ Kg8 56. Qd1 Rd2 57. Qb1 Bxd5 58. Qb8+ Kf7 59. Qc7+ Ke6 60. Qc8+ Ke5 61. Qh8+ Kf4 62. Qf6+ Ke3 63. Qg5+ Kxf3 64. Qg4+ Ke3 65. Qg5+ Kd4 66. Qf6+ Kd3 67. Qa6+ Kc3 68. Qxa5+ Kd4 69. Qb6+ Ke4 0-1

[Event "9th Beirut Open 2017"]
[Site "Beirut"]
[Date "2017.10.02"]
[Round "4"]
[White "Edelby, Ahmad"]
[Black "Terzian, Kevork"]
[Result "0-1"]
[ECO "A00"]
[WhiteElo "1531"]
[BlackElo "1693"]
[Annotator "NA RC"]
[PlyCount "53"]
[EventDate "2017.??.??"]
[EventCountry "LBN"]
[SourceTitle "playchess.com"]
[Source "ChessBase"]
[SourceQuality "1"]
[TimeControl "5400+30"]

1. b3 d6 2. Bb2 e5 3. e3 Nd7 4. d4 Ngf6 5. dxe5 dxe5 6. Bd3 g6 7. Nd2 Bg7 8. Qe2 O-O 9. O-O-O Re8 10. f3 c6 11. g4 Nc5 12. Nc4 Qc7 13. h4 b5 14. Na3 Nxd3+ 15. Qxd3 Nd5 16. Nxb5 cxb5 17. Qxd5 Ba6 18. Qd7 Qa5 19. a3 Red8 20. Qc6 Rxd1+ 21. Kxd1 Rd8+ 22. Ke2 Rc8 23. Qe4 b4+ 24. Kf2 bxa3 25. b4 axb2 26. bxa5 b1=Q 27. Kg3 0-1

[Event "9th Beirut Open 2017"]
[Site "Beirut"]
[Date "2017.10.02"]
[Round "4"]
[White "Khallouf, Abdallah"]
[Black "Novikova, Margarita"]
[Result "0-1"]
[ECO "A00"]
[WhiteElo "1530"]
[BlackElo "2004"]
[Annotator "NA RC"]
[PlyCount "58"]
[EventDate "2017.??.??"]
[EventCountry "LBN"]
[SourceTitle "playchess.com"]
[Source "ChessBase"]
[SourceQuality "1"]
[TimeControl "5400+30"]

1. c4 Nf6 2. g3 c5 3. Bg2 Nc6 4. Nc3 g6 5. e3 Bg7 6. Nge2 Ne5 7. d3 d6 8. d4 Nc6 9. O-O O-O 10. h3 e5 11. d5 Ne7 12. e4 Ne8 13. Be3 f5 14. f4 fxe4 15. Nxe4 Nf5 16. Bf2 Nd4 17. Bxd4 exd4 18. Qd2 a5 19. Rae1 h6 20. Nc1 a4 21. Nd3 b5 22. b3 axb3 23. axb3 Ra3 24. Qb2 Ra8 25. Nd2 Bf5 26. Rf3 Qa5 27. cxb5 Qxb5 28. Nc4 Rb8 29. g4 Bxd3 0-1

[Event "9th Beirut Open 2017"]
[Site "Beirut"]
[Date "2017.10.02"]
[Round "4"]
[White "Fakhoury, Dory"]
[Black "Zeidan, Mohammad"]
[Result "1-0"]
[ECO "A00"]
[WhiteElo "1402"]
[BlackElo "1988"]
[Annotator "NA RC"]
[PlyCount "65"]
[EventDate "2017.??.??"]
[EventCountry "LBN"]
[SourceTitle "playchess.com"]
[Source "ChessBase"]
[SourceQuality "1"]
[TimeControl "5400+30"]

1. e4 d6 2. Bc4 Nf6 3. Nc3 c6 4. d4 Nbd7 5. Nf3 Nb6 6. Bd3 Bg4 7. O-O e5 8. Be3 Be7 9. h3 Bxf3 10. Qxf3 O-O 11. Rad1 Qc7 12. Be2 Kh8 13. Qg3 Nfd7 14. f4 Bf6 15. a4 Rfe8 16. a5 Nc8 17. Bg4 exd4 18. Bxd4 Bxd4+ 19. Rxd4 Nf6 20. Bxc8 Rexc8 21. Qd3 Qxa5 22. Rxd6 Rd8 23. Rd1 Re8 24. e5 Ng8 25. Ne4 h6 26. Rd7 Re7 27. Rxe7 Nxe7 28. Qd6 Ng6 29. f5 Re8 30. fxg6 fxg6 31. Qxg6 Rxe5 32. Rd7 Rg5 33. Qe8+ 1-0

[Event "9th Beirut Open 2017"]
[Site "Beirut"]
[Date "2017.10.02"]
[Round "4"]
[White "Arcadan, Adib"]
[Black "Habash, Mohamad"]
[Result "1/2-1/2"]
[ECO "A00"]
[WhiteElo "1346"]
[BlackElo "1834"]
[Annotator "NA RC"]
[PlyCount "69"]
[EventDate "2017.??.??"]
[EventCountry "LBN"]
[SourceTitle "playchess.com"]
[Source "ChessBase"]
[SourceQuality "1"]
[TimeControl "5400+30"]

1. d4 d5 2. c4 Nf6 3. Nf3 e6 4. Bg5 Be7 5. e3 O-O 6. Bd3 Nbd7 7. Nbd2 c5 8. O-O h6 9. Bh4 b6 10. b3 Bb7 11. h3 g5 12. Bg3 Ne4 13. Bxe4 dxe4 14. Ne5 Nxe5 15. Bxe5 f6 16. Bg3 cxd4 17. Qg4 f5 18. Qh5 Kg7 19. Rad1 d3 20. f3 Qe8 21. Qxe8 Raxe8 22. fxe4 fxe4 23. Be5+ Bf6 24. Rxf6 Rxf6 25. Rf1 Ref8 26. Rxf6 Rxf6 27. Kh2 Kg6 28. Bxf6 Kxf6 29. g4 Ke5 30. Kg3 Kd6 31. b4 a5 32. a3 Bc6 33. Kf2 Ke5 34. Ke1 axb4 35. axb4 1/2-1/2

[Event "9th Beirut Open 2017"]
[Site "Beirut"]
[Date "2017.10.02"]
[Round "4"]
[White "El Jawich, Muhammad"]
[Black "Moughames, Ronald"]
[Result "0-1"]
[ECO "A00"]
[WhiteElo "1245"]
[BlackElo "1769"]
[Annotator "NA RC"]
[PlyCount "56"]
[EventDate "2017.??.??"]
[EventCountry "LBN"]
[SourceTitle "playchess.com"]
[Source "ChessBase"]
[SourceQuality "1"]
[TimeControl "5400+30"]

1. e4 c5 2. Nf3 Nc6 3. d4 cxd4 4. Nxd4 g6 5. Nc3 Bg7 6. Be3 Nf6 7. Bc4 O-O 8. Bb3 d6 9. f3 a6 10. Qd2 Nxd4 11. Bxd4 Bd7 12. h4 h5 13. O-O-O b5 14. a3 a5 15. Ne2 Qb8 16. Be3 b4 17. a4 Qe8 18. Nf4 Kh7 19. g4 Bxa4 20. gxh5 Nxh5 21. Nxh5 gxh5 22. Rhg1 Bf6 23. Qd5 Be5 24. f4 e6 25. Qd3 Bb5 26. Qd2 a4 27. fxe5 axb3 28. Kb1 Ra1+ 0-1

[Event "9th Beirut Open 2017"]
[Site "Beirut"]
[Date "2017.10.03"]
[Round "5"]
[White "Koniahli, Malek"]
[Black "Ward, Serge"]
[Result "1-0"]
[ECO "A00"]
[WhiteElo "2086"]
[BlackElo "1730"]
[Annotator "NA RC"]
[PlyCount "69"]
[EventDate "2017.??.??"]
[EventCountry "LBN"]
[SourceTitle "playchess.com"]
[Source "ChessBase"]
[SourceQuality "1"]
[TimeControl "5400+30"]

1. d4 Nf6 2. Nf3 g6 3. Bg5 Bg7 4. Nc3 h6 5. Bf4 d6 6. e4 Nbd7 7. Qd2 g5 8. Bg3 Nh5 9. O-O-O Nxg3 10. hxg3 e5 11. dxe5 Nxe5 12. Bb5+ Bd7 13. Nxe5 Bxb5 14. Nxb5 Bxe5 15. f4 Bf6 16. e5 dxe5 17. Qc3 Qe7 18. Nxc7+ Kf8 19. Nxa8 exf4 20. Qa3 Qxa3 21. bxa3 Kg7 22. Nc7 fxg3 23. Rd7 Be5 24. Nd5 Kg6 25. Rf1 f6 26. Ne7+ Kh5 27. Rh1+ Kg4 28. Ng6 Bf4+ 29. Nxf4 gxf4 30. Rd4 Kg5 31. Rf1 Re8 32. Kd2 Re3 33. Rdxf4 Rxa3 34. Rxf6 Rxa2 35. R6f3 1-0

[Event "9th Beirut Open 2017"]
[Site "Beirut"]
[Date "2017.10.03"]
[Round "5"]
[White "Moudallal, Tarek"]
[Black "Berbari, Imad"]
[Result "0-1"]
[ECO "A00"]
[WhiteElo "2062"]
[BlackElo "1680"]
[Annotator "NA RC"]
[PlyCount "60"]
[EventDate "2017.??.??"]
[EventCountry "LBN"]
[SourceTitle "playchess.com"]
[Source "ChessBase"]
[SourceQuality "1"]
[TimeControl "5400+30"]

1. d4 g6 2. e4 Bg7 3. Nc3 c5 4. d5 d6 5. Be2 Nf6 6. h3 O-O 7. Nf3 b5 8. Bxb5 Nxe4 9. Nxe4 Qa5+ 10. Nc3 Bxc3+ 11. bxc3 Qxb5 12. Nd2 Ba6 13. c4 Qa4 14. O-O Nd7 15. Re1 Rfe8 16. Re4 Nf6 17. Re3 Qd7 18. Bb2 Rab8 19. Bc3 Qa4 20. Qf3 Qd7 21. Rae1 Nh5 22. g4 Ng7 23. Rxe7 Rxe7 24. Qf6 Rxe1+ 25. Kh2 Re5 26. Bxe5 dxe5 27. Qxa6 f5 28. f3 h5 29. Qxg6 hxg4 30. hxg4 Rb6 0-1

[Event "9th Beirut Open 2017"]
[Site "Beirut"]
[Date "2017.10.03"]
[Round "5"]
[White "Shamieh, Jamal"]
[Black "Bedrosian, Danielle"]
[Result "1-0"]
[ECO "A00"]
[WhiteElo "2046"]
[BlackElo "1696"]
[Annotator "NA RC"]
[PlyCount "63"]
[EventDate "2017.??.??"]
[EventCountry "LBN"]
[SourceTitle "playchess.com"]
[Source "ChessBase"]
[SourceQuality "1"]
[TimeControl "5400+30"]

1. d4 b6 2. Nf3 Bb7 3. g3 e6 4. Bg2 d6 5. O-O Nd7 6. c4 g6 7. Nc3 Bg7 8. Bg5 Ne7 9. e4 h6 10. Be3 O-O 11. Qd2 Kh7 12. h3 Rb8 13. Ne1 f5 14. Nd3 e5 15. dxe5 Nxe5 16. Nxe5 dxe5 17. Rad1 a6 18. Qxd8 Rfxd8 19. exf5 Bxg2 20. fxg6+ Nxg6 21. Kxg2 e4 22. Nd5 Bxb2 23. Nxc7 Rxd1 24. Rxd1 Ne5 25. c5 bxc5 26. Nxa6 Ra8 27. Nxc5 Rxa2 28. Nxe4 Ra4 29. Nf6+ Kg6 30. Nd7 Nf7 31. Nc5 Rc4 32. Nd3 1-0

[Event "9th Beirut Open 2017"]
[Site "Beirut"]
[Date "2017.10.03"]
[Round "5"]
[White "Habash, Mohamad"]
[Black "Tarraf, Tarraf"]
[Result "1-0"]
[ECO "A00"]
[WhiteElo "1834"]
[BlackElo "1653"]
[Annotator "NA RC"]
[PlyCount "86"]
[EventDate "2017.??.??"]
[EventCountry "LBN"]
[SourceTitle "playchess.com"]
[Source "ChessBase"]
[SourceQuality "1"]
[TimeControl "5400+30"]

1. Nf3 Nf6 2. g3 e6 3. Bg2 d5 4. b3 Bd6 5. Bb2 Nbd7 6. d3 O-O 7. O-O c6 8. Nbd2 e5 9. e4 Re8 10. Re1 d4 11. a4 Bb4 12. Rf1 Nf8 13. h3 Ng6 14. Rc1 Be6 15. Ng5 Qa5 16. Nb1 Rad8 17. Nxe6 Rxe6 18. f4 Ree8 19. f5 Nf8 20. Ba3 c5 21. Bxb4 cxb4 22. Nd2 Qc7 23. g4 N6d7 24. g5 g6 25. f6 Ne6 26. Qg4 Nf4 27. Qh4 Qd6 28. Bf3 h5 29. Nc4 Qc7 30. a5 b5 31. axb6 axb6 32. Bg4 b5 33. Rxf4 exf4 34. Bxh5 gxh5 35. Qxh5 Qc5 36. e5 bxc4 37. g6 Nxf6 38. gxf7+ Kf8 39. Qh8+ Kxf7 40. Qxf6+ Kg8 41. Kf2 Qf8 42. Rg1+ Kh7 43. Qg6+ Kh8 1-0

[Event "9th Beirut Open 2017"]
[Site "Beirut"]
[Date "2017.10.03"]
[Round "5"]
[White "Saad, Charbel"]
[Black "El Saleh, Riham"]
[Result "1-0"]
[ECO "A00"]
[WhiteElo "1795"]
[BlackElo "1466"]
[Annotator "NA RC"]
[PlyCount "63"]
[EventDate "2017.??.??"]
[EventCountry "LBN"]
[SourceTitle "playchess.com"]
[Source "ChessBase"]
[SourceQuality "1"]
[TimeControl "5400+30"]

1. e4 c5 2. Nf3 Nc6 3. d4 cxd4 4. Nxd4 g6 5. Nc3 Bg7 6. Be3 Nf6 7. Bc4 O-O 8. Qd2 Ng4 9. O-O-O Nxe3 10. fxe3 Na5 11. Be2 d6 12. h4 h6 13. g4 Bd7 14. Nd5 Re8 15. Rdf1 Rc8 16. g5 h5 17. Bd1 Nc4 18. Qf2 Rf8 19. c3 Bc6 20. Rh2 Ne5 21. Kb1 Bd7 22. Rg2 Nd3 23. Qe2 Nc5 24. Qf3 Bg4 25. Rxg4 hxg4 26. Qxg4 Nd7 27. h5 Ne5 28. Qh3 f6 29. Qe6+ Kh7 30. hxg6+ Kxg6 31. Nxe7+ Kxg5 32. Rg1+ 1-0

[Event "9th Beirut Open 2017"]
[Site "Beirut"]
[Date "2017.10.03"]
[Round "5"]
[White "Said, Riad"]
[Black "Khallouf, Abdallah"]
[Result "0-1"]
[ECO "D15"]
[WhiteElo "1793"]
[BlackElo "1530"]
[Annotator "NA RC"]
[PlyCount "77"]
[EventDate "2017.??.??"]
[EventCountry "LBN"]
[SourceTitle "playchess.com"]
[Source "ChessBase"]
[SourceQuality "1"]
[TimeControl "5400+30"]

1. d4 d5 2. c4 c6 3. Nc3 Nf6 4. Nf3 Bf5 5. Bg5 e6 6. e3 Nbd7 7. cxd5 exd5 8. Bd3 Bg6 9. O-O Be7 10. Bxg6 hxg6 11. Re1 Ne4 12. Bxe7 Qxe7 13. Qb3 Qd6 14. h3 Rb8 15. Nxe4 dxe4 16. Nd2 Nf6 17. Qc2 Qe6 18. Qc5 b6 19. Qe5 Qxe5 20. dxe5 Nd7 21. e6 Nc5 22. exf7+ Kxf7 23. Red1 Rbe8 24. b4 Nd3 25. Nxe4 Rxe4 26. Rxd3 Rxb4 27. Rd7+ Ke6 28. Rad1 Rb1 29. R7d6+ Ke7 30. Kf1 Rxd1+ 31. Rxd1 g5 32. e4 c5 33. Rd5 Rc8 34. Ke2 a5 35. Kd2 b5 36. Kc2 a4 37. f4 Ke6 38. Kd3 c4+ 39. Kc2 0-1

[Event "9th Beirut Open 2017"]
[Site "Beirut"]
[Date "2017.10.03"]
[Round "5"]
[White "Moughames, Ronald"]
[Black "Khoder, Akram"]
[Result "1-0"]
[ECO "A00"]
[WhiteElo "1769"]
[BlackElo "1547"]
[Annotator "NA RC"]
[PlyCount "67"]
[EventDate "2017.??.??"]
[EventCountry "LBN"]
[SourceTitle "playchess.com"]
[Source "ChessBase"]
[SourceQuality "1"]
[TimeControl "5400+30"]

1. e4 c5 2. Nf3 d6 3. d4 cxd4 4. Nxd4 Nc6 5. Nc3 Nf6 6. Bc4 Qb6 7. Nb3 Ne5 8. Be3 Qc7 9. Bb5+ Bd7 10. h3 Rc8 11. Qe2 a5 12. Bd3 Nc4 13. Bc1 Be6 14. Nd4 Bd7 15. O-O g6 16. Nd5 Nxd5 17. exd5 Bg7 18. Re1 O-O 19. c3 Qc5 20. Bxc4 Qxc4 21. Qf3 Rfe8 22. Bg5 Bxd4 23. cxd4 e6 24. Qf6 Qxd4 25. Qxd4 e5 26. Qh4 h5 27. Bf6 Rc2 28. Qg5 Kh7 29. g4 Rc4 30. gxh5 Bxh3 31. hxg6+ fxg6 32. f3 Rc2 33. Qh4+ Kg8 34. Qh8+ 1-0

[Event "9th Beirut Open 2017"]
[Site "Beirut"]
[Date "2017.10.03"]
[Round "5"]
[White "Kaloust, Giorgio"]
[Black "Fakhoury, Dory"]
[Result "1-0"]
[ECO "A00"]
[WhiteElo "1764"]
[BlackElo "1402"]
[Annotator "NA RC"]
[PlyCount "60"]
[EventDate "2017.??.??"]
[EventCountry "LBN"]
[SourceTitle "playchess.com"]
[Source "ChessBase"]
[SourceQuality "1"]
[TimeControl "5400+30"]

1. d4 Nf6 2. c4 c5 3. d5 b5 4. cxb5 a6 5. b6 Qxb6 6. Nc3 d6 7. e4 g6 8. Be2 Bg7 9. Nf3 Qb4 10. a3 Qa5 11. O-O Bb7 12. Nd2 O-O 13. Nc4 Qc7 14. a4 Nbd7 15. a5 Rfd8 16. Bf4 Ne5 17. Bxe5 dxe5 18. Qc2 e6 19. dxe6 fxe6 20. Rfd1 Rd4 21. f3 Bc6 22. Nb6 Ra7 23. Bc4 Bd7 24. Ne2 Bh6 25. Nxd4 Be3+ 26. Kh1 Bxd4 27. Qb3 Kf7 28. Rac1 Ne8 29. Be2 Nd6 30. Qa2 Nc8 1-0

[Event "9th Beirut Open 2017"]
[Site "Beirut"]
[Date "2017.10.03"]
[Round "5"]
[White "Jabr, Bernard"]
[Black "Arcadan, Adib"]
[Result "0-1"]
[ECO "A00"]
[WhiteElo "1721"]
[BlackElo "1346"]
[Annotator "NA RC"]
[PlyCount "44"]
[EventDate "2017.??.??"]
[EventCountry "LBN"]
[SourceTitle "playchess.com"]
[Source "ChessBase"]
[SourceQuality "1"]
[TimeControl "5400+30"]

1. e4 c5 2. d4 cxd4 3. c3 e6 4. cxd4 Nf6 5. Bd3 Nc6 6. Nf3 Bb4+ 7. Nc3 h6 8. O-O O-O 9. h3 Re8 10. a3 Bxc3 11. bxc3 b6 12. e5 Nh7 13. Bc2 Ba6 14. Re1 Ne7 15. Bd2 Rc8 16. Qc1 Bb7 17. Be4 Bxe4 18. Rxe4 f5 19. exf6 Nxf6 20. Re2 Ned5 21. Bxh6 Nxc3 22. Rc2 Ne2+ 0-1

[Event "9th Beirut Open 2017"]
[Site "Beirut"]
[Date "2017.10.03"]
[Round "5"]
[White "Fawaz, Kassem"]
[Black "Saeed, Riad"]
[Result "0-1"]
[ECO "A00"]
[WhiteElo "1719"]
[BlackElo "1685"]
[Annotator "NA RC"]
[PlyCount "49"]
[EventDate "2017.??.??"]
[EventCountry "LBN"]
[SourceTitle "playchess.com"]
[Source "ChessBase"]
[SourceQuality "1"]
[TimeControl "5400+30"]

1. d4 d6 2. e4 Nf6 3. Nc3 g6 4. h3 Bg7 5. Nf3 O-O 6. Be3 a6 7. a4 h6 8. Be2 Nc6 9. O-O e5 10. dxe5 dxe5 11. Qxd8 Rxd8 12. Rfd1 Be6 13. Rxd8+ Rxd8 14. Rd1 Rxd1+ 15. Bxd1 Ne8 16. Nd2 Nd4 17. Ne2 Bd7 18. f3 f5 19. c3 Ne6 20. Bc2 f4 21. Bf2 Kf7 22. c4 b6 23. Nc3 Nd4 24. Bxd4 exd4 25. Nd5 0-1

[Event "9th Beirut Open 2017"]
[Site "Beirut"]
[Date "2017.10.03"]
[Round "5"]
[White "Khalili, Moustafa"]
[Black "Ghassan, Houmsi"]
[Result "0-1"]
[ECO "B90"]
[WhiteElo "1712"]
[BlackElo "1841"]
[Annotator "NA RC"]
[PlyCount "95"]
[EventDate "2017.??.??"]
[EventCountry "LBN"]
[SourceTitle "playchess.com"]
[Source "ChessBase"]
[SourceQuality "1"]
[TimeControl "5400+30"]

1. e4 c5 2. Nf3 d6 3. d4 cxd4 4. Nxd4 Nf6 5. Nc3 a6 6. Be3 e5 7. Nf3 Be7 8. h3 Qc7 9. Be2 O-O 10. O-O Be6 11. a4 Nbd7 12. a5 Rac8 13. Bd3 Nc5 14. Qe2 d5 15. exd5 Nxd5 16. Nxd5 Bxd5 17. Bxc5 Bxf3 18. Qxf3 Bxc5 19. Ra4 g6 20. Re1 Rfd8 21. Qf6 Rd4 22. Rxd4 Bxd4 23. c3 Qxa5 24. b4 Qb6 25. Qxb6 Bxb6 26. c4 Bd4 27. Rc1 b6 28. Be4 Rc7 29. Kf1 Kf8 30. Ke2 Ke7 31. f3 a5 32. b5 a4 33. Bb1 a3 34. Ba2 f5 35. Kd3 Bb2 36. Rc2 Rd7+ 37. Ke2 Bd4 38. Rd2 Bc5 39. Rxd7+ Kxd7 40. Kd3 Ke6 41. Bb1 Kf6 42. g3 h5 43. Ba2 Kg5 44. Bb1 h4 45. g4 e4+ 46. fxe4 fxg4 47. e5 gxh3 48. e6 0-1

[Event "9th Beirut Open 2017"]
[Site "Beirut"]
[Date "2017.10.03"]
[Round "5"]
[White "Iaali, Abdelrahman"]
[Black "Djikerian, Rafi"]
[Result "0-1"]
[ECO "B30"]
[WhiteElo "1670"]
[BlackElo "1835"]
[Annotator "NA RC"]
[PlyCount "86"]
[EventDate "2017.??.??"]
[EventCountry "LBN"]
[SourceTitle "playchess.com"]
[Source "ChessBase"]
[SourceQuality "1"]
[TimeControl "5400+30"]

1. e4 c5 2. Nf3 e6 3. d3 Nc6 4. g3 Nf6 5. Bg2 d5 6. Qe2 dxe4 7. dxe4 e5 8. Nc3 Bg4 9. Qb5 Bxf3 10. Bxf3 Qd7 11. Be3 a6 12. Qa4 Nd4 13. Qxd7+ Nxd7 14. Bxd4 cxd4 15. Nd5 Rc8 16. Rc1 Nf6 17. O-O Nxd5 18. exd5 f5 19. Rfe1 e4 20. Bxe4 fxe4 21. Rxe4+ Kd7 22. Rxd4 Bc5 23. Rg4 g6 24. b4 Bd6 25. a3 b5 26. Re4 Rc3 27. Re3 Rhc8 28. Rce1 Rxe3 29. fxe3 Rxc2 30. e4 Be5 31. Rf1 Ke7 32. Rf3 Re2 33. Rd3 Rxe4 34. Kf2 Kd6 35. h3 Rd4 36. Rf3 Kxd5 37. Ke3 Kc4 38. Ke2 Re4+ 39. Kd2 Bg7 40. Kc2 Re2+ 41. Kb1 Bc3 42. Rf1 Kb3 43. g4 Ra2 0-1

[Event "9th Beirut Open 2017"]
[Site "Beirut"]
[Date "2017.10.03"]
[Round "5"]
[White "Lakhoyan, Hrag"]
[Black "Hanna, Elie"]
[Result "1-0"]
[ECO "A00"]
[WhiteElo "1582"]
[BlackElo "1778"]
[Annotator "NA RC"]
[PlyCount "121"]
[EventDate "2017.??.??"]
[EventCountry "LBN"]
[SourceTitle "playchess.com"]
[Source "ChessBase"]
[SourceQuality "1"]
[TimeControl "5400+30"]

1. d4 Nf6 2. Bf4 d5 3. e3 e6 4. c3 Be7 5. Nf3 Nbd7 6. Bd3 c5 7. Nbd2 cxd4 8. exd4 Qa5 9. O-O b5 10. Ne5 Qb6 11. Ndf3 Bb7 12. Nxd7 Nxd7 13. Ne5 Nxe5 14. Bxe5 f6 15. Bg3 f5 16. Re1 O-O 17. Be5 Bf6 18. Qh5 Bxe5 19. Rxe5 Rf6 20. Rae1 Raf8 21. Qe2 Bc8 22. Bxb5 a6 23. Bd3 Bd7 24. a3 a5 25. c4 Qxd4 26. cxd5 Rb8 27. dxe6 Rxb2 28. Qe3 Qxe3 29. R5xe3 Be8 30. e7 g6 31. Re5 a4 32. Rd5 Rfb6 33. h3 Kg7 34. Rd8 Rb8 35. Rc1 R2b7 36. Ba6 Rb1 37. Kh2 Rxc1 38. Rxb8 Kf7 39. Bb5 Bxb5 40. Rxb5 Kxe7 41. Rb4 Rc2 42. f3 Kf6 43. Rxa4 Kg5 44. Kg3 Ra2 45. f4+ Kh5 46. Ra7 h6 47. Kf3 Rb2 48. Re7 Ra2 49. Ra7 Ra1 50. a4 Rf1+ 51. Kg3 Ra1 52. a5 Ra3+ 53. Kh2 Ra2 54. a6 Rf2 55. Kg3 Ra2 56. Ra8 Ra3+ 57. Kh2 Ra2 58. a7 Kh4 59. Rh8 h5 60. a8=Q Rf2 61. Qd8+ 1-0

[Event "9th Beirut Open 2017"]
[Site "Beirut"]
[Date "2017.10.03"]
[Round "5"]
[White "Kassar, Paul"]
[Black "Khairallah, Ralph"]
[Result "0-1"]
[ECO "A00"]
[WhiteElo "1480"]
[BlackElo "1814"]
[Annotator "NA RC"]
[PlyCount "118"]
[EventDate "2017.??.??"]
[EventCountry "LBN"]
[SourceTitle "playchess.com"]
[Source "ChessBase"]
[SourceQuality "1"]
[TimeControl "5400+30"]

1. e4 e6 2. d4 d5 3. e5 c5 4. c3 Nc6 5. Nf3 Qb6 6. a4 a5 7. Bb5 Bd7 8. Bxc6 bxc6 9. O-O cxd4 10. cxd4 Ne7 11. Nbd2 Nf5 12. Nb3 Rb8 13. Nc5 Bxc5 14. dxc5 Qxc5 15. Ra3 Qb6 16. Rc3 O-O 17. Re1 Qb4 18. Qc2 Rfc8 19. h3 c5 20. b3 Rb7 21. Bd2 Qb6 22. Rc1 Rbc7 23. Be3 Nxe3 24. fxe3 h6 25. Nd4 c4 26. Rb1 cxb3 27. Rbxb3 Rxc3 28. Rxc3 Rxc3 29. Qxc3 Bxa4 30. Qa3 Qb4 31. Qa1 Bd7 32. Nc2 Qb6 33. Nd4 Qc5 34. Kh2 a4 35. Kg3 Qb4 36. Kf3 a3 37. Nc2 Qe4+ 38. Kg3 Qxc2 39. Qxa3 Qe4 40. Qc3 Qc4 41. Qa3 Ba4 42. Qa1 Bc2 43. Qd4 Qxd4 44. exd4 Kh7 45. Kf4 g5+ 46. Kg3 Kg6 47. h4 Kf5 48. hxg5 hxg5 49. Kf3 Bd1+ 50. Ke3 Kg4 51. Kf2 Kf4 52. g3+ Ke4 53. Ke1 Bb3 54. Kd2 Kxd4 55. Ke2 Kc3 56. g4 d4 57. Ke1 d3 58. Kf2 d2 59. Kg3 d1=Q 0-1

[Event "9th Beirut Open 2017"]
[Site "Beirut"]
[Date "2017.10.03"]
[Round "5"]
[White "Fakoua, Khalil"]
[Black "Abdo, Moussa"]
[Result "1/2-1/2"]
[ECO "A00"]
[WhiteElo "1383"]
[BlackElo "1753"]
[Annotator "NA RC"]
[PlyCount "67"]
[EventDate "2017.??.??"]
[EventCountry "LBN"]
[SourceTitle "playchess.com"]
[Source "ChessBase"]
[SourceQuality "1"]
[TimeControl "5400+30"]

1. d4 Nf6 2. Bf4 d5 3. Nf3 e6 4. a3 Be7 5. e3 O-O 6. Bd3 c5 7. c4 Nc6 8. Ne5 cxd4 9. Nxc6 bxc6 10. exd4 c5 11. Be3 dxc4 12. Bxc4 cxd4 13. Qxd4 Qxd4 14. Bxd4 Rd8 15. Bc3 Bb7 16. O-O Rac8 17. Be2 Be4 18. Rc1 Nd5 19. Bd2 Rxc1+ 20. Bxc1 Rc8 21. Nd2 Bg6 22. Nc4 Bf6 23. Bd2 Nb6 24. Nxb6 axb6 25. Rc1 Rxc1+ 26. Bxc1 Bd4 27. Kf1 Be4 28. f3 Bc6 29. Bd3 Be5 30. h3 Bd4 31. Ke2 Ba4 32. Kd2 Be5 33. Bc2 Bf4+ 34. Kd1 1/2-1/2

[Event "9th Beirut Open 2017"]
[Site "Beirut"]
[Date "2017.10.03"]
[Round "5"]
[White "Elghazzawi, Omar"]
[Black "Kassas, Mohamad"]
[Result "0-1"]
[ECO "A00"]
[WhiteElo "1332"]
[BlackElo "1633"]
[Annotator "NA RC"]
[PlyCount "64"]
[EventDate "2017.??.??"]
[EventCountry "LBN"]
[SourceTitle "playchess.com"]
[Source "ChessBase"]
[SourceQuality "1"]
[TimeControl "5400+30"]

1. e4 c6 2. d4 d5 3. Nc3 h6 4. Nf3 Bg4 5. Be2 e6 6. h3 Bh5 7. a3 Bg6 8. e5 c5 9. O-O Nc6 10. Be3 cxd4 11. Bxd4 Nxd4 12. Nxd4 Bc5 13. Bb5+ Ke7 14. Nb3 Bb6 15. Na4 Rc8 16. Bd3 Bxd3 17. Qxd3 Qc7 18. Nxb6 Qxb6 19. Rac1 h5 20. Kh1 Nh6 21. f4 Nf5 22. a4 a5 23. Rf3 Rc4 24. Ra1 Rhc8 25. g4 hxg4 26. hxg4 Nh6 27. Qh7 Nxg4 28. Qxg7 Nf2+ 29. Kg2 Ne4 30. f5 Rxc2+ 31. Kh3 exf5 32. Rxf5 Qe3+ 0-1

[Event "9th Beirut Open 2017"]
[Site "Beirut"]
[Date "2017.10.04"]
[Round "6"]
[White "Abdulaziz, Mahmoud"]
[Black "Khairallah, Ralph"]
[Result "1-0"]
[ECO "A00"]
[WhiteElo "2093"]
[BlackElo "1814"]
[Annotator "NA RC"]
[PlyCount "111"]
[EventDate "2017.??.??"]
[EventCountry "LBN"]
[SourceTitle "playchess.com"]
[Source "ChessBase"]
[SourceQuality "1"]
[TimeControl "5400+30"]

1. c4 e6 2. g3 d5 3. Bg2 Nf6 4. Nf3 Be7 5. O-O O-O 6. cxd5 exd5 7. d4 c6 8. Nc3 Nbd7 9. a3 a5 10. Bf4 Nh5 11. Bd2 Nhf6 12. Qc2 Bd6 13. Rac1 Re8 14. Rfe1 Nb6 15. e4 dxe4 16. Ng5 Nbd5 17. Ncxe4 Nxe4 18. Bxe4 g6 19. h4 Nf6 20. Qb3 Qc7 21. Bg2 Bf5 22. Rxe8+ Rxe8 23. Bxa5 Qd7 24. Re1 Rxe1+ 25. Bxe1 h6 26. Nf3 Be6 27. Qe3 Ng4 28. Qe2 Bc7 29. Bc3 b5 30. Ne5 Nxe5 31. dxe5 Bc4 32. Qe3 Qe6 33. Qc5 Bd5 34. Bxd5 Qxd5 35. Qe3 h5 36. Kf1 Qd1+ 37. Kg2 Qd5+ 38. Qf3 Qxf3+ 39. Kxf3 Bb6 40. Ke2 Kf8 41. f3 Ke7 42. g4 Ke6 43. b3 Bd8 44. a4 bxa4 45. bxa4 Bxh4 46. a5 Bd8 47. Ke3 c5 48. gxh5 gxh5 49. Ke4 Bc7 50. f4 h4 51. f5+ Ke7 52. a6 Bb6 53. Kf4 c4 54. Kg4 Bf2 55. Be1 Bc5 56. Bb4 1-0